 Dungeon Crawl Stone Soup version 0.26.1-11-gd32895ea62 (webtiles) character file.

Game seed: 15887622861884566530

3780 Johnson the Grappler (level 9, -1/130 HPs)
             Began as a Troll Monk on June 10, 2021.
             Was a High Priest of Makhleb.
             Slain by an unseen horror (10 damage)
             ... on level 10 of the Dungeon.
             The game lasted 00:39:37 (7085 turns).

Johnson the Grappler (Troll Monk)                   Turns: 7085, Time: 00:39:38

Health: -1/130     AC:  7    Str: 22    XL:     9   Next: 95%
Magic:  11/11      EV: 13    Int:  6    God:    Makhleb [*****.]
Gold:   217        SH:  0    Dex: 20    Spells: 8/8 levels left

rFire    . . .     SeeInvis .     - Unarmed
rCold    . . .     Faith    .   (no shield)
rNeg     . . .     Spirit   .   o - +0 robe {Will+}
rPois    .         Reflect  .   (helmet restricted)
rElec    .         Harm     .   q - +0 cloak
rCorr    .         Rampage  .   (gloves unavailable)
Will     +....                  (boots unavailable)
Stlth    ..........             (no amulet)
HPRegen  0.71/turn              d - ring of stealth
MPRegen  0.12/turn              i - +6 ring of dexterity

@: mighty, berserking (expiring), very slightly contaminated, invisible
(expiring), very quick
A: large, unfitting armour, claws 3, regeneration 1, shaggy fur 1, tough skin 3
a: Renounce Religion, Minor Destruction, Lesser Servant of Makhleb, Major
Destruction, Greater Servant of Makhleb


You were on level 10 of the Dungeon.
You worshipped Makhleb.
Makhleb was extremely pleased with you.
You visited 1 branch of the dungeon, and saw 10 of its levels.

You collected 217 gold pieces.

Inventory:

Hand Weapons
 h - a cursed -2 quarterstaff
Missiles
 k - 205 stones (quivered)
Armour
 a - a +0 robe
 o - a +0 robe of willpower (worn)
 q - a +0 cloak (worn)
Jewellery
 d - a ring of stealth (left claw)
 i - a +6 ring of dexterity (right claw)
 l - an uncursed ring of wizardry
Wands
 A - a wand of iceblast (7)
Scrolls
 b - 4 scrolls of remove curse
 e - 7 scrolls of identify
 g - a scroll of random uselessness {unknown}
 j - a scroll of enchant weapon
 r - a scroll of magic mapping {unknown}
 w - a scroll of torment {unknown}
 x - a scroll of teleportation {unknown}
 y - 2 scrolls of enchant armour {unknown}
 z - a scroll of summoning {unknown}
Potions
 n - a potion of degeneration {unknown}
 s - a potion of invisibility
 t - a potion of flight {unknown}
 u - 2 potions of cancellation
 v - a potion of haste {unknown}


   Skills:
 * Level 4.9 Fighting
 - Level 0.3 Throwing
 - Level 4.6 Dodging
 - Level 1.0 Stealth
 - Level 11.5 Unarmed Combat
 - Level 4.6 Invocations


You had 8 spell levels left.
You didn't know any spells.
Your spell library contained the following spells:

 Spells                   Type           Power        Failure   Level
 Beastly Appendage        Tmut           0%           45%         1
 Magic Dart               Conj           0%           45%         1
 Searing Ray              Conj           0%           58%         2
 Wereblood                Tmut           0%           58%         2
 Dazzling Flash           Conj/Hex       0%           83%         3
 Spider Form              Tmut/Pois      0%           83%         3
 Fulminant Prism          Conj/Hex       0%           99%         4
 Ice Form                 Ice/Tmut       0%           99%         4
 Iskenderun's Mystic Bla  Conj/Tloc      0%           99%         4
 Blade Hands              Tmut           0%           100%        5


Dungeon Overview and Level Annotations

Branches:
Dungeon (9/15)             Temple (0/1) D:6
   Lair: D:8-11         Orc: D:9-12

Altars:
Ashenzari
Makhleb
Okawaru
Qazlal
Sif Muna
The Shining One

Shops:
D:5 [

Annotations:
D:8 Joseph


Innate Abilities, Weirdness & Mutations

You are too large for most types of armour.
You have claws for hands.
Your natural rate of healing is unusually fast.
You are covered in fur. (AC +1)
You have extremely tough skin. (AC +3)


Message History

Something hits you!
* * * LOW HITPOINT WARNING * * *
You see here 15 stones.
You flicker for a moment.
Something hits you.
* * * LOW HITPOINT WARNING * * *
Something hits you.
* * * LOW HITPOINT WARNING * * *
A red film seems to cover your vision as you go berserk!
You feel yourself moving faster!
You feel mighty! Something hits you but does no damage.
You feel a strong urge to attack something.
Something hits you but does no damage.
Found a scroll labelled RITITO XIMIA.
You barely miss something. Something hits you.
* * * LOW HITPOINT WARNING * * *
You barely miss something. Something hits you.
* * * LOW HITPOINT WARNING * * *
Something hits you!
You die...

#.# #. #.# #. #.#
#. #.# #. #.# #?
#.## #. #...
#.####
##########..#
#..@.#
#...o.......#
####{#
#.########..#
#(###!## ##..#
#.##...## #....
#.#.....## .#...
#........####.#.#
#.....z.....#.#zO
##.......#....#.#
##O....##..###.#


There were no monsters in sight!

Vanquished Creatures
  2 water moccasins
  An orc warrior (D:6)
  A sky beast (D:7)
  An ice beast (D:7)
  4 ogres
  5 centaurs
  3 bullfrogs
  A wyvern skeleton (D:8)
  A scorpion (D:7)
  14 killer bees
  8 wights
  4 howler monkeys
  2 bullfrog zombies
  4 orc priests
  2 jellies
  Crazy Yiuf (D:4)
  2 hounds
  5 bullfrog skeletons
  4 iguanas
  3 worker ants
  6 orc wizards
  6 gnolls (D:3)
  14 adders
  2 white imps
  2 ufetubi
  An ooze (D:3)
  3 worms
  4 dart slugs
  5 leopard geckos
  25 orcs
  3 bats
  3 giant cockroaches
  8 hobgoblins
  14 jackals
  9 kobolds
  7 quokkas
  3 ball pythons
  9 frilled lizards
  11 goblins
  6 rats
209 creatures vanquished.

Vanquished Creatures (others)
  A ball python zombie (D:5)
1 creature vanquished.

Grand Total: 210 creatures vanquished

Notes
Turn   | Place    | Note
-------+----------+-------------------------------------------
     0 | D:1      | Johnson the Troll Monk began the quest for the Orb.
     0 | D:1      | Reached XP level 1. HP: 22/22 MP: 0/0
   227 | D:1      | Reached XP level 2. HP: 29/29 MP: 1/1
   869 | D:2      | Reached XP level 3. HP: 36/36 MP: 2/2
   922 | D:2      | Reached skill level 4 in Unarmed Combat
  1007 | D:2      | Noticed a bullfrog
  1021 | D:2      | Killed a bullfrog
  1022 | D:2      | Reached XP level 4. HP: 29/44 MP: 3/3
  1135 | D:2      | Reached skill level 5 in Unarmed Combat
  1438 | D:2      | Reached XP level 5. HP: 51/53 MP: 4/4
  1668 | D:3      | Found a burning altar of Makhleb.
  1682 | D:3      | Became a worshipper of Makhleb the Destroyer
  1682 | D:3      | Reached * piety under Makhleb
  1682 | D:3      | Reached ** piety under Makhleb
  1751 | D:3      | Reached skill level 6 in Unarmed Combat
  1902 | D:3      | Reached XP level 6. HP: 56/61 MP: 5/5
  2093 | D:3      | Found an iron altar of Okawaru.
  2392 | D:3      | Found a shimmering blue altar of Sif Muna.
  2571 | D:4      | Reached skill level 7 in Unarmed Combat
  2671 | D:4      | Reached *** piety under Makhleb
  2917 | D:4      | Found a runed translucent door.
  2918 | D:4      | Noticed Crazy Yiuf
  2923 | D:4      | Killed Crazy Yiuf
  2968 | D:4      | Reached XP level 7. HP: 52/67 MP: 6/6
  2993 | D:4      | Reached skill level 1 in Invocations
  3211 | D:4      | Found a burning altar of Makhleb.
  3216 | D:4      | Reached skill level 8 in Unarmed Combat
  3907 | D:5      | Entered Level 5 of the Dungeon
  3912 | D:5      | Found a glowing golden altar of the Shining One.
  4206 | D:5      | Reached XP level 8. HP: 37/75 MP: 8/8
  4283 | D:5      | Found Dyiruos's Antique Armour Emporium.
  4412 | D:5      | Reached skill level 9 in Unarmed Combat
  5098 | D:6      | Found a staircase to the Ecumenical Temple.
  5149 | D:7      | Reached **** piety under Makhleb
  5154 | D:7      | Reached skill level 10 in Unarmed Combat
  5570 | D:7      | Reached XP level 9. HP: 84/84 MP: 10/10
  5956 | D:7      | Found a broken altar of Ashenzari.
  6100 | D:7      | Found a stormy altar of Qazlal.
  6221 | D:7      | Reached skill level 11 in Unarmed Combat
  6453 | D:8      | Reached ***** piety under Makhleb
  6552 | D:8      | Noticed a brown ugly thing
  6775 | D:8      | Noticed Joseph
  6882 | D:9      | You fall into a shaft and drop 1 floor!
  6882 | D:10     | Entered Level 10 of the Dungeon
  6949 | D:10     | Noticed a two-headed ogre
  7085 | D:10     | Slain by an unseen horror

Illustrated notes

Levels and vault maps discovered:
D:1:      kennysheep_arrival_forest, layout_basic, minmay_misc_feat_encased
D:2:      layout_basic
D:3:      layout_loops_ring, lemuel_coloured_pillars_altar,
          okawaru_altar_gauntlet_db, nicolae_overflow_crystal_walls
D:4:      layout_basic, makhleb_blood_cavern_becter, uniq_crazy_yiuf_cottage
D:5:      layout_rooms, overflow_temple_1_default, serial_shops,
          nicolae_shop_trees, grunt_ministairs_8
D:6:      minmay_klotski, layout_basic, temple_green
D:7:      layout_basic, lemuel_doored_altar, nicolae_qazlal_eye_of_the_storm
D:8:      layout_cave_pools, kennysheep_little_box, grunt_decor_one_mirror,
          uniq_joseph
D:9:      layout_stronghold, nemelex_altar_shiori, serial_shops, shop
D:10:     layout_loops_ring, uniq_maurice

Skill      XL: |  1  2  3  4  5  6  7  8  9 |
---------------+----------------------------+-----
Unarmed Combat | 4 5 6 7 8 10 11 | 11.5
Fighting       | 3 4 |  4.9
Invocations    | 2 3 4 |  4.6
Dodging        | 3 4 |  4.6
Throwing       | |  0.3
Stealth        | |  1.0

Action                   |  1- 3 |  4- 6 |  7- 9 || total
-------------------------+-------+-------+-------++-------
Melee: Unarmed           |    60 |   162 |   283 ||   505
       Punch             |     2 |     5 |    21 ||    28
Throw: Stone             |       |       |    23 ||    23
Invok: Minor Destruction |       |       |     4 ||     4
       Major Destruction |       |       |     1 ||     1
  Use: Potion            |       |     2 |    13 ||    15
       Scroll            |       |     2 |       ||     2
 Stab: Sleeping          |     3 |     5 |     6 ||    14
Armor: Robe              |    25 |    36 |   111 ||   172
Dodge: Dodged            |    30 |    66 |   195 ||   291
